 Dungeon Crawl Stone Soup version 0.32-a0-687-g804251a (webtiles) character file.

Game seed: 11688099798566555919

347 Toastz the Shooter (level 6, -1/47 HPs)
             Began as a Coglin Hunter on Mar 12, 2024.
             Was an Initiate of Hepliaklqana.
             Slain by a black bear (9 damage)
             ... on level 4 of the Dungeon.
             The game lasted 00:07:13 (2988 turns).

Toastz the Shooter (Coglin Hunter)                  Turns: 2988, Time: 00:07:14

Health: -1/47      AC:  4    Str: 14    XL:     6   Next: 59%
Magic:  6/6        EV:  3    Int:  8    God:    Hepliaklqana [......]
Gold:   200        SH:  0    Dex: 20    Spells: 5/5 levels left

rFire   . . .        a - +2 sling {Doyun}
rCold   . . .        d - +0 sling {Isabel}
rNeg    . . .        h - +2 robe "Mozxeawa" {*Corrode Str+3 Stlth+}
rPois   .            (no helmet)
rElec   .            (no cloak)
rCorr   .            (no gloves)
SInv    .            (no boots)
Will    .....        (amulet unavailable)
Stlth   +++          (ring unavailable)
HPRegen 0.27/turn    (ring unavailable)
MPRegen 0.10/turn    (no gizmo)

%: corrode self (3%)
@: constricted, revved
A: off-hand wielding, slow wielding, warmup strikes, no jewellery
a: Invent Gizmo, Renounce Religion


You were on level 4 of the Dungeon.
You worshipped Hepliaklqana.
Hepliaklqana was noncommittal.
You visited 2 branches of the dungeon, and saw 5 of its levels.

You collected 200 gold pieces.

Inventory:

Hand Weapons
 a - a +2 sling (weapon) {Doyun}
 d - a +0 sling (offhand) {Isabel}
Missiles
 g - 8 poisoned darts
 k - 2 javelins
Armour
 h - the +2 robe "Mozxeawa" (worn) {*Corrode Str+3 Stlth+}
   (You found it on level 3 of the Dungeon)

   Str+3:     It affects your strength (+3).
   *Corrode:  It may corrode you when you take damage.
   Stlth+:    It makes you more stealthy.
 n - a +0 ring mail
Wands
 p - a wand of flame (4)
Scrolls
 b - a scroll of butterflies
 c - 2 scrolls of immolation {unknown}
 f - a scroll of poison {unknown}
 i - a scroll of brand weapon
 j - 2 scrolls of enchant armour
 l - 2 scrolls of teleportation {unknown}
 o - 3 scrolls of blinking
 q - a scroll of fear {unknown}
 r - a scroll of amnesia {unknown}
 s - a scroll of vulnerability {unknown}
Potions
 e - a potion of might {unknown}
 m - 4 potions of curing {unknown}


   Skills:
 + Level 3.5 Fighting
 * Level 5.3 Ranged Weapons
 + Level 1.7 Armour
 + Level 3.2 Dodging
 - Level 1.0 Stealth


You had 5 spell levels left.
You didn't know any spells.
Your spell library contained the following spells:

 Spells                   Type           Power      Damage    Failure   Level
 Summon Small Mammal      Summ           0%         N/A       41%         1
 Mercury Vapours          Alch/Air       0%         N/A       54%         2
 Call Canine Familiar     Summ           0%         N/A       78%         3
 Mephitic Cloud           Conj/Alch/Air  0%         N/A       78%         3
 Petrify                  Alch/Erth      0%         N/A       99%         4
 Summon Blazeheart Golem  Fire/Summ      0%         N/A       99%         4
 Freezing Cloud           Conj/Ice/Air   0%         6-21      100%        5
 Summon Hydra             Summ           0%         N/A       100%        7
 Lehudib's Crystal Spear  Conj/Erth      0%         10d2      100%        8


Dungeon Overview and Level Annotations

Branches:
Dungeon (4/15)             Temple (1/1) D:4

Altars:
Ashenzari
Dithmenos
Elyvilon
Fedhas
Gozag
Hepliaklqana
Kikubaaqudgha
Makhleb
Nemelex Xobeh
Okawaru
Qazlal
Ru
Sif Muna
Uskayaw
Vehumet
Wu Jian
Yredelemnul
Zin
The Shining One


Innate Abilities, Weirdness & Mutations

You can wield a second weapon in your off-hand.
It takes a long time for you to wield or remove held weapons.
Your first few attacks do less damage.
You cannot equip rings or amulets.


Message History

The black bear is severely wounded.
The black bear goes berserk!
Fire: a) +2 sling {Doyun}
Press: ? - help, Q - select action, (/) - cycle Shift-Dir - straight line, f/p - black bear
Aim: a black bear (severely wounded, berserk, 72% to hit)
You shoot a sling bullet. The sling bullet hits the black bear.
The black bear is almost dead.
You shoot a sling bullet. The sling bullet hits the black bear.
The black bear is almost dead.
The ball python bites you but does no damage.
The ball python grabs you. The ball python constricts you.
Fire: a) +2 sling {Doyun}
Press: ? - help, Q - select action, (/) - cycle Shift-Dir - straight line, f/p - black bear
Aim: a black bear (almost dead, berserk, 72% to hit)
You shoot a sling bullet. The sling bullet hits the black bear.
The black bear is almost dead.
You shoot a sling bullet.
The sling bullet barely misses the black bear.
The black bear bites you!
The black bear claws you but does no damage.
The black bear claws you. The ball python barely misses you.
The ball python constricts you. The black bear bites you.
The black bear claws you. x2
Fire: a) +2 sling {Doyun}
Press: ? - help, Q - select action, (/) - cycle Shift-Dir - straight line, f/p - black bear
Aim: a black bear (almost dead, berserk, 72% to hit)
You shoot a sling bullet.
The sling bullet barely misses the black bear.
You shoot a sling bullet.
The sling bullet barely misses the black bear.
The black bear bites you.
* * * LOW HITPOINT WARNING * * *
The black bear claws you but does no damage.
The black bear claws you.
* * * LOW HITPOINT WARNING * * *
The ball python bites you.
* * * LOW HITPOINT WARNING * * *
The ball python constricts you. The black bear bites you!
You die...
Hepliaklqana delivers you to your ancestors.

#.#
#.######..###....
#.# #....
#....##. #.#
#..... . #.##....
#.# #....<#.....
#.### #.#
#........## # #.#
##..##...# #.#
#.. ##.#.## #.#
#..#....... #.#
#.#@.>).... #.#
#..Sh...... #.#
#..#....... #.#
###..#....... #
#.###....#..:....
######
#.##..##.#.......
......
#.##.###.##......
###### #.#..# #.#
...... #.#.## ...


You could see a black bear (berserk) and a ball python.

Vanquished Creatures
  A scorpion (D:4)
  A hound (D:3)
  Jessica (D:3)
  Ijyb (D:3)
  Natasha (twice) (D:3)
  7 adders
  A gnoll (D:1)
  4 dart slugs
  3 ribbon worms
  3 orcs
  8 endoplasms
  3 giant cockroaches (D:4)
  13 goblins
  10 hobgoblins
  2 quokkas
  4 ball pythons
  2 bats
  4 frilled lizards
  2 kobolds
  3 rats
75 creatures vanquished.

Notes
Turn   | Place    | Note
-------+----------+-------------------------------------------
     0 | D:1      | Toastz the Coglin Hunter began the quest for the Orb.
     0 | D:1      | Reached XP level 1. HP: 16/16 MP: 1/1
    62 | D:1      | Reached skill level 1 in Stealth
    69 | D:1      | Reached XP level 2. HP: 22/22 MP: 2/2
   102 | D:1      | Found a faded altar of an unknown god.
   321 | D:1      | Reached XP level 3. HP: 28/28 MP: 3/3
   323 | D:1      | Reached skill level 4 in Ranged Weapons
   812 | D:2      | Reached XP level 4. HP: 31/34 MP: 4/4
  1455 | D:3      | Got the Cyclopedia of Rallied Breccia
  1513 | D:3      | Identified the +2 robe "Mozxeawa" {*Corrode Str+3 Stlth+}
  1684 | D:3      | Reached XP level 5. HP: 40/40 MP: 5/5
  1809 | D:3      | Noticed Natasha
  1815 | D:3      | Killed Natasha
  1823 | D:3      | Noticed Natasha
  1828 | D:3      | Killed Natasha
  1844 | D:3      | Reached skill level 1 in Armour
  1895 | D:3      | Noticed Ijyb
  1906 | D:3      | Killed Ijyb
  1907 | D:3      | Reached skill level 5 in Ranged Weapons
  2007 | D:3      | Reached XP level 6. HP: 47/47 MP: 6/6
  2093 | D:3      | Noticed Jessica
  2096 | D:3      | Killed Jessica
  2664 | D:4      | Found a staircase to the Ecumenical Temple.
  2668 | Temple   | Entered the Ecumenical Temple
  2682 | Temple   | Became a worshipper of Hepliaklqana the Forgotten
  2803 | D:4      | Found an opulent altar of Gozag.
  2980 | D:4      | Noticed a black bear
  2988 | D:4      | Slain by a black bear

Illustrated notes

Levels and vault maps discovered:
D:1:      lightli_arrival_isolated_outpost, layout_basic,
          hellmonk_ecumenical_altar_heavens_door
D:2:      layout_rooms
D:3:      wad_river_or_something, layout_basic, eino_tiny_chamber, uniq_natasha,
          uniq_jessica, uniq_ijyb
D:4:      layout_rooms, grunt_gozag_statues, minmay_temple_entry_steel_oval
Temple:   compressed_dpeg_circular_temple

Skill      XL: |  1  2  3  4  5 |
---------------+----------------+-----
Stealth        | 1 |  1.0
Dodging        | 2 3 |  3.2
Ranged Weapons | 4 5 |  5.3
Fighting       | 3 |  3.5
Armour         | 1 |  1.7

Action                     |  1- 3 |  4- 6 || total
---------------------------+-------+-------++-------
   Fire: Sling             |   118 |   278 ||   396
    Use: Scroll            |       |     4 ||     4
 Armour: Leather armour    |     8 |     3 ||    11
         Robe              |       |    23 ||    23
  Dodge: Dodged            |     3 |    13 ||    16

Table legend: (Time is in decaauts)
 A = Elapsed time spent in this place.
 B = Non-inter-level travel time spent in this place.
 C = Inter-level travel time spent in this place.
 D = Time resting spent in this place.
 E = Time spent auto-exploring this place.
 F = Levels seen in this place.
 G = Mean time per level.
                   A        B        C        D        E       F      G
               +--------+--------+--------+--------+--------+-----+--------+
         Total |   3040 |   2811 |    229 |    109 |   2235 |   5 |  608.0 |
       Dungeon |   3016 |   2803 |    213 |    109 |   2235 |   4 |  754.0 |
        Temple |     23 |      7 |     16 |      0 |      0 |   1 |   23.0 |
               +--------+--------+--------+--------+--------+-----+--------+

Top non-repeatable levels by time:
     D:3: 1311 daAuts
     D:1: 816 daAuts
     D:2: 503 daAuts
     D:4: 385 daAuts
  Temple: 23 daAuts
